AoeStats
← BEagLe

Nomad

506457305Analyzed
3v3 RM · 18d ago on Sep 13, 2026· 46m 32s· 6 players
Game mode
Random Map
Map size
210×210
Population
200
Speed
Normal
Resources
Standard
Victory
Conquest
Starting age
Dark Age
Ending age
Imperial Age
RankedLock teamsTeams togetherTeam positionsShared explorationLock speedFull tech treeHidden civsTurbo modeCheats
Victory
Defeat
🇹🇷 Berbers · Türkiye
1374
+15
🇹🇷 Spanish · Türkiye
1370
+15
🇹🇷 Tatars · Türkiye
1323
+17
🇨🇦 Koreans · Canada
1387
-16
🇧🇾 Maya · Belarus
1348
-16
🇲🇽 Ethiopians · Mexico
1327
-15
Berry Grover
7:30 Loom
13:19 Feudal Age
13:56 Double-Bit Axe
19:15 Castle Age
17:14 Gold Mining
17:18 Stone Mining
18:54 Wheelbarrow
18:58 Fishing Lines
19:13 Fletching
20:19 Bodkin Arrow
22:13 Medium Warships
22:38 Town Watch
23:06 Crossbowman
28:57 Hul'che Javelineers
29:05 Scale Mail Armor
29:59 Padded Archer Armor
29:44 Horse Collar
29:52 Pikeman
34:47 Leather Archer Armor
37:21 Elite Skirmisher
41:39 Imperial Age
40:16 Chain Mail Armor
40:18 Hand Cart
42:28 Thumb Ring
42:25 Bracer
43:45 Conscription
44:35 Halberdier
sHinsHim
5:02 Loom
14:27 Feudal Age
17:54 Town Watch
20:50 Castle Age
19:12 Fletching
21:23 Scale Mail Armor
21:32 Bodkin Arrow
22:34 Murder Holes
23:47 Ballistics
24:12 Guard Tower
26:29 Masonry
32:47 Double-Bit Axe
33:25 Scale Mail Armor
34:30 Chain Mail Armor
34:17 Squires
34:48 Arson
35:50 Forging
45:55 Iron Casting
46:37 Wheelbarrow
Steve the Ishvalan
4:20 Loom
13:55 Feudal Age
15:05 Double-Bit Axe
22:06 Castle Age
21:05 Fletching
23:20 Bodkin Arrow
25:13 Bow Saw
33:00 Eupseong
38:47 Imperial Age
37:34 Pikeman
38:30 Scale Mail Armor
41:10 Chain Mail Armor
42:56 Elite Fire Lancer
43:25 Gambesons
46:26 Plate Mail Armor
46:08 Forging
mert3x
4:36 Loom
13:22 Feudal Age
24:24 Castle Age
30:18 Wheelbarrow
34:56 Hand Cart
36:35 Padded Archer Armor
36:39 Husbandry
37:55 Bloodlines
37:44 Fletching
45:42 Imperial Age
43:59 Bodkin Arrow
45:43 Leather Archer Armor
47:02 Conscription
BEagLe
3:56 Loom
14:01 Feudal Age
18:25 Castle Age
17:51 Stone Mining
24:02 Double-Bit Axe
25:30 Horse Collar
27:21 Man-at-Arms
33:43 Scale Barding Armor
39:40 Imperial Age
39:32 Forging
41:07 Wheelbarrow
45:07 Elite Keshik
46:21 Chain Barding Armor
hasthagbt
3:55 Loom
12:57 Feudal Age
17:08 Castle Age
16:36 Fishing Lines
16:46 Double-Bit Axe
18:23 Bow Saw
19:58 Horse Collar
20:55 Heavy Plow
22:51 Fletching
24:00 Bodkin Arrow
26:03 Ballistics
27:37 Wheelbarrow
27:59 Padded Archer Armor
29:37 Husbandry
31:19 Gillnets
34:17 Imperial Age
32:12 Bloodlines
34:08 Kasbah
34:57 Hand Cart
34:59 Bracer
36:01 Chemistry
36:23 Leather Archer Armor
36:16 Thumb Ring
36:34 Conscription
36:20 Gold Mining
37:49 Ring Archer Armor
39:24 Scale Barding Armor
39:30 Forging
40:25 Elite Camel Archer
41:52 Chain Barding Armor
41:52 Maghrebi Camels
43:39 Plate Barding Armor
42:35 Light Cavalry
45:19 Guilds
45:40 Coinage
46:08 Hussar
Connection lost

Rejoining the realm…

Still unreachable

The connection could not be restored.

Session expired

The server has moved on; the page needs a fresh start.